 Dungeon Crawl Stone Soup version 0.25-a0-603-g0321be95db (webtiles) character file.

Game seed: 6643186407225733320, levelgen mode: deterministic

116 Forro the Ducker (level 4, 42/42 HPs)
             Began as a Troll Wanderer on Mar 16, 2020.
             Starved to death
             ... on level 3 of the Dungeon.
             The game lasted 00:19:28 (1677 turns).

Forro the Ducker (Troll Wanderer)                   Turns: 1677, Time: 00:19:29

Health: 42/42      AC:  8    Str: 21    XL:     4   Next: 70%
Magic:  4/4        EV: 10    Int:  8    God:
Gold:   187        SH:  0    Dex:  9    Spells: 3/5 levels left

rFire    . . .     SeeInvis .   c - +0 club
rCold    + . .     Gourm    +   (no shield)
rNeg     . . .     Faith    .   h - +0 robe (curse)
rPois    .         Spirit   .   (helmet restricted)
rElec    +         Reflect  .   (no cloak)
rCorr    .         Harm     .   (gloves unavailable)
MR       .....                  (boots unavailable)
Stlth    +.........             (no amulet)
HPRegen  0.54/turn              i - ring of protection from cold
MPRegen  0.09/turn              (no ring)

@: fainting
A: large, unfitting armour, claws 3, icy blue scales 1, fast metabolism 3,
gourmand, mutation resistance 1, sense surroundings 1, regeneration 1, shaggy
fur 1, electricity resistance, tough skin 3
a: no special abilities


You were on level 3 of the Dungeon.
You were fainting.

You visited 1 branch of the dungeon, and saw 3 of its levels.

You collected 187 gold pieces.

Inventory:

Hand Weapons
 a - a +2 shortbow
 c - a +0 club (weapon)
 g - a +0 club
Missiles
 b - 58 arrows
Armour
 d - a +0 leather armour
 h - a cursed +0 robe (worn)
Jewellery
 i - a ring of protection from cold (left claw)
Scrolls
 e - a scroll of blinking


   Skills:
 + Level 2.0 Fighting
 + Level 2.0 Maces & Flails
 + Level 1.0 Bows
 + Level 2.1 Throwing
 + Level 2.9 Dodging
 + Level 1.2 Spellcasting
 + Level 1.0 Summonings
   Level 1.0 Transmutations


You had 3 spell levels left.
You knew the following spells:

 Your Spells              Type           Power        Failure   Level  Hunger
a - Summon Butterflies    Summ           #.......     26%         1    ##.....
b - Corona                Hex            #......      36%         1    ##.....

Your spell library contained the following spells:

 Spells                   Type           Power        Failure   Level  Hunger
 Corpse Rot               Necr/Air       N/A          52%         2    ###....
 Ensorcelled Hibernation  Hex/Ice        #.....       52%         2    ###....
 Poisonous Vapours        Pois/Air       #.....       52%         2    ###....
 Summon Guardian Golem    Hex/Summ       #.......     67%         3    ####...
 Confusing Touch          Hex            #.......     75%         3    ####...
 Dazzling Flash           Conj/Hex       #.....       75%         3    ####...
 Tukima's Dance           Hex            #.......     75%         3    ####...


Dungeon Overview and Level Annotations

Branches:
Dungeon (3/15)

Altars:


Innate Abilities, Weirdness & Mutations

You are too large for most types of armour.
You have claws for hands.
Your metabolism is lightning-fast.
You like to eat raw meat.
Your natural rate of healing is unusually fast.
You are covered in fur. (AC +1)
You have extremely tough skin. (AC +3)
You are partially covered in icy blue scales. (AC +2)
You are somewhat resistant to further mutation.
You passively map a small area around you.
You are resistant to electric shocks. (rElec)


Message History

You hit the hobgoblin but do no damage.
The hobgoblin is almost dead.
The hobgoblin misses you.
You hit the hobgoblin but do no damage.
The hobgoblin is almost dead.
The hobgoblin barely misses you.
You barely miss the hobgoblin.
The hobgoblin is almost dead.
The hobgoblin hits you.
You barely miss the hobgoblin.
The hobgoblin is almost dead.
The hobgoblin closely misses you.
You hit the hobgoblin.
You kill the hobgoblin!
There are no items here.
Okay, then.
You lose consciousness!
You can move again.
You have starved to death.
You die...

* * ,, ,
*
#####.#
#.....#
#@# *
#.#
#.######
,
#......#
######.#
#.# *
#.# ,
#.# ,
#.# #.#


There were no monsters in sight!

Vanquished Creatures
  6 adders (D:2)
  A gnoll (D:1)
  An ooze (D:3)
  A worm (D:2)
  A leopard gecko (D:1)
  3 bats
  A giant cockroach (D:1)
  4 goblins (D:2)
  9 hobgoblins
  2 quokkas (D:2)
  2 ball pythons
  2 frilled lizards
  10 kobolds
  4 rats
47 creatures vanquished.

Notes
Turn   | Place    | Note
-------+----------+-------------------------------------------
     0 | D:1      | Forro the Troll Wanderer began the quest for the Orb.
     0 | D:1      | Forro set off with the following items: a +2 shortbow, 26
                  | arrows, a +0 robe, 2 rations; and the following spell
                  | memorised: Summon Butterflies; and the following spells
                  | available to memorise: Corpse Rot, Poisonous Vapours,
                  | Summon Guardian Golem
     0 | D:1      | Reached XP level 1. HP: 19/19 MP: 1/1
   160 | D:1      | Reached XP level 2. HP: 25/27 MP: 2/2
   286 | D:1      | Gained mutation: You are partially covered in large bone
                  | plates. (SH +4) [potion of mutation]
   286 | D:1      | Gained mutation: You are dopey. (Int -2) [potion of
                  | mutation]
   286 | D:1      | Gained mutation: You have an increased reservoir of magic.
                  | (+10% MP) [potion of mutation]
   447 | D:1      | Reached XP level 3. HP: 16/35 MP: 4/4
   452 | D:1      | Lost mutation: You are dopey. (Int -2) [potion of mutation]
   452 | D:1      | Lost mutation: You have an increased reservoir of magic.
                  | (+10% MP) [potion of mutation]
   452 | D:1      | Gained mutation: You are partially covered in icy blue
                  | scales. (AC +2) [potion of mutation]
   452 | D:1      | Gained mutation: You are clumsy. (Dex -2) [potion of
                  | mutation]
   452 | D:1      | Lost mutation: You are clumsy. (Dex -2) [potion of
                  | mutation]
   600 | D:1      | Lost mutation: You are partially covered in large bone
                  | plates. (SH +4) [potion of mutation]
   600 | D:1      | Gained mutation: You are frail. (-10% HP) [potion of
                  | mutation]
   600 | D:1      | Gained mutation: You are resistant to hostile enchantments.
                  | (MR+) [potion of mutation]
   600 | D:1      | Gained mutation: Your spells are a little easier to cast,
                  | but a little less powerful. [potion of mutation]
   600 | D:1      | Gained mutation: You are resistant to electric shocks.
                  | (rElec) [potion of mutation]
   601 | D:1      | Lost mutation: You are frail. (-10% HP) [potion of
                  | mutation]
   601 | D:1      | Lost mutation: Your spells are a little easier to cast, but
                  | a little less powerful. [potion of mutation]
   601 | D:1      | Lost mutation: You are resistant to hostile enchantments.
                  | (MR+) [potion of mutation]
   601 | D:1      | Gained mutation: You passively map a small area around you.
                  | [potion of mutation]
   601 | D:1      | Gained mutation: You are weak. (Str -2) [potion of
                  | mutation]
   601 | D:1      | Lost mutation: You are weak. (Str -2) [potion of mutation]
   601 | D:1      | Gained mutation: You are somewhat resistant to further
                  | mutation. [potion of mutation]
   625 | D:1      | Reached skill level 1 in Maces & Flails
   782 | D:2      | Reached XP level 4. HP: 36/42 MP: 4/4
   818 | D:2      | Learned a level 1 spell: Corona
  1660 | D:3      | Paralysed by fainting for 11 turns
  1677 | D:3      | Starved to death

Levels and vault maps discovered:
D:1:      moated_graveyard_arrival, layout_rooms, minmay_pentomino_q4
D:2:      layout_loops_ring, serial_bayou_lake_a
D:3:      layout_loops_ring, grunt_ministairs_9, uniq_purgy, uniq_jessica

Skill      XL: |  1  2  3  4 |
---------------+-------------+-----
Dodging        | 2 |  2.9
Throwing       | 2 |  2.1
Maces & Flails | 1 2 |  2.0
Fighting       | 2 |  2.0
Bows           | |  1.0
Spellcasting   | |  1.2
Summonings     | |  1.0
Transmutations | |  1.0

Action                   |  1- 3 |  4- 6 || total
-------------------------+-------+-------++-------
Melee: Club              |   174 |   155 ||   329
       Shortbow          |     7 |       ||     7
       Unarmed           |     3 |       ||     3
 Cast: Summon Butterflie |     2 |       ||     2
  Use: Potion            |     5 |     2 ||     7
       Scroll            |     2 |     2 ||     4
  Eat: Chunk             |     1 |       ||     1
       Ration            |     1 |     2 ||     3
Armor: Robe              |    96 |    86 ||   182
Dodge: Dodged            |   116 |   107 ||   223
Block: Other             |     9 |       ||     9

Table legend:
 A = Non-vault XP
 B = Vault XP
 C = Vault XP percentage of total XP
 D = Non-vault monster count
 E = Vault monster count
 F = Vault count percentage of total count
                 A         B        C        D         E       F
            +---------+---------+-------+---------+---------+-------
      Total |     163 |       4 |   2.4 |      44 |       3 |   6.4
            +---------+---------+-------+---------+---------+-------
        D:1 |      42 |       4 |   8.7 |      19 |       3 |  13.6
        D:2 |     112 |       0 |   0.0 |      23 |       0 |   0.0
        D:3 |       9 |       0 |   0.0 |       2 |       0 |   0.0
            +---------+---------+-------+---------+---------+-------
